 Dungeon Crawl Stone Soup version 0.20.0-15-g7f486f2 (webtiles) character file.

39 robba the Magician (level 3, 0/16 HPs)
             Began as a Spriggan Earth Elementalist on June 26, 2017.
             Slain by a goblin
             ... wielding a +0 dagger
              (3 damage)
             ... on level 2 of the Dungeon.
             The game lasted 00:08:03 (747 turns).

robba the Magician (Spriggan Earth Elementalist)     Turns: 747, Time: 00:08:04

Health: 0/16       AC:  3    Str:  4    XL:     3   Next: 26%
Magic:  8/9        EV: 18    Int: 17    God:
Gold:   74         SH:  0    Dex: 16    Spells: 8/9 levels left

rFire    . . .     SeeInvis +   m - +0 short sword
rCold    . . .     Gourm    .   (shield restricted)
rNeg     . . .     Faith    .   a - +1 robe {MR+}
rPois    .         Spirit   .   (helmet restricted)
rElec    .         Reflect  .   (no cloak)
rCorr    .         Harm     .   (gloves unavailable)
MR       +....                  (boots unavailable)
Stlth    ++........             (no amulet)
Regen    0.1/turn               (no ring)
MPRegen  0.2/turn               (no ring)

@: very quick
A: unfitting armour, see invisible, herbivore 3, speed 3, slow metabolism 2
a: no special abilities


You were on level 2 of the Dungeon.
You were not hungry.

You visited 1 branch of the dungeon, and saw 2 of its levels.

You collected 74 gold pieces.

Inventory:

Hand Weapons
 m - a +0 short sword (weapon)
Missiles
 b - 36 stones (quivered)
 f - 5 needles of confusion
 g - 5 large rocks
 j - 21 arrows
Armour
 a - a +1 robe of magic resistance (worn)
 c - a +0 robe
Scrolls
 h - a scroll of amnesia
 k - 2 scrolls of teleportation
 l - a scroll of recharging {unknown}
 n - a scroll of magic mapping {unknown}
 p - a scroll of identify {unknown}
Potions
 i - a potion of curing {unknown}
 o - a potion of agility {unknown}
Books
 e - a book of Geomancy

   Spells                             Type                      Level
   a - Sandblast                      Earth                        1
   b - Passwall                       Transmutation/Earth          2
   c - Stone Arrow                    Conjuration/Earth            3
   d - Petrify                        Transmutation/Earth          4
   e - Lee's Rapid Deconstruction     Earth                        5
Comestibles
 d - 2 bread rations


   Skills:
 + Level 3.2 Dodging
 + Level 3.0 Stealth
 + Level 3.7 Spellcasting
   Level 1.3 Transmutations
 + Level 3.3 Earth Magic


You had 8 spell levels left.
You knew the following spells:

 Your Spells              Type           Power        Failure   Level  Hunger
a - Sandblast             Erth           ##....       4%          1    None


Dungeon Overview and Level Annotations

Branches:
Dungeon (2/15)

Altars:
Kikubaaqudgha
Okawaru


Innate Abilities, Weirdness & Mutations

You are very small and have problems with some larger weapons.
You are too small for most types of armour.
You have supernaturally acute eyesight. (SInv)
You are a herbivore.
You cover ground extremely quickly.
You need consume almost no food.


Message History

Aim: an adder (heavily wounded)
The blast of sand hits the adder.
You kill the adder!
b - 36 stones You see here an adder corpse.
You now have 74 gold pieces (gained 6).
A worm comes into view.
A goblin comes into view. It is wielding a dagger.
You hit the worm but do no damage. You hit the worm.
The worm is moderately wounded.
The worm bites you!
You hit the worm but do no damage.
The worm is moderately wounded.
The worm bites you!
* * * LOW HITPOINT WARNING * * *
You hit the worm.
The worm is moderately wounded.
The goblin hits you with a dagger.
You die...

# ##########
#.###........# #####
...#..g.........###.....
#....w@............#
#######.........†.###
#........##...#
######...####.###
##.#.####...#
#..#......#..
#########.### _## #....
..8## ####.


You could see a worm and a goblin.

Vanquished Creatures
  An adder (D:2)
  A dart slug (D:1)
  2 bats (D:1)
  4 giant cockroaches (D:1)
  5 goblins
  4 hobgoblins
  A frilled lizard (D:1)
  6 kobolds
  4 rats (D:1)
28 creatures vanquished.

Notes
Turn   | Place    | Note
-------+----------+-------------------------------------------
     0 | D:1      | robba the Spriggan Earth Elementalist began the quest for the Orb.
     0 | D:1      | Reached XP level 1. HP: 9/9 MP: 5/5
   138 | D:1      | Learned a level 1 spell: Sandblast
   155 | D:1      | Reached XP level 2. HP: 11/13 MP: 1/7
   573 | D:2      | Found an ancient bone altar of Kikubaaqudgha.
   575 | D:2      | Found an iron altar of Okawaru.
   657 | D:2      | Reached XP level 3. HP: 15/16 MP: 6/9
   747 | D:2      | Slain by a goblin

Skill      XL: |  1 |
---------------+----+-----
Spellcasting   | 3 |  3.7
Earth Magic    | 3 |  3.3
Dodging        | |  3.2
Stealth        | |  3.0
Transmutations | |  1.3

Action                   || total
-------------------------++-------
Melee: Unarmed           ||    19
       Club              ||     6
       Short sword       ||     4
 Cast: Sandblast         ||    38
  Use: Scroll            ||     5
       Potion            ||     1
Armor: Robe              ||     4
Dodge: Dodged            ||    29
